 Dungeon Crawl Stone Soup version 0.32-a0-22-g6ae6769602 (webtiles) character file.

Game seed: 12761653798883730820

52 GenialerGandalf the Trooper (level 3, -3/34 HPs)
             Began as a Hill Orc Fighter on Jan 18, 2024.
             Slain by an ice beast (9 damage)
             ... on level 3 of the Dungeon.
             The game lasted 00:03:19 (1403 turns).

GenialerGandalf the Trooper (Hill Orc Fighter)      Turns: 1403, Time: 00:03:19

Health: -3/34      AC:  6    Str: 20    XL:     3   Next: 85%
Magic:  3/3        EV:  9    Int:  8    God:
Gold:   99         SH:  4    Dex: 10    Spells: 2/2 levels left

rFire   . . .        a - +0 war axe
rCold   . . .        c - +0 buckler
rNeg    . . .        b - +0 scale mail
rPois   .            (no helmet)
rElec   .            (no cloak)
rCorr   .            (no gloves)
SInv    .            (no boots)
Will    .....        (no amulet) Stlth
                     (no ring)
HPRegen 0.25/turn    (no ring)
MPRegen 0.08/turn

%: no passive effects
@: no status effects
A: no striking features
a: no special abilities


You were on level 3 of the Dungeon.
You visited 1 branch of the dungeon, and saw 3 of its levels.

You collected 99 gold pieces.

Inventory:

Hand Weapons
 a - a +0 war axe (weapon)
Armour
 b - a +0 scale mail (worn)
 c - a +0 buckler (worn)
Jewellery
 n - a ring of poison resistance
Wands
 i - a wand of paralysis (6)
Scrolls
 e - a scroll of butterflies
 g - a scroll of blinking {unknown}
 j - 2 scrolls of fog
 k - a scroll of brand weapon {unknown}
 p - a scroll of immolation {unknown}
Potions
 d - a potion of might
 f - a potion of heal wounds {unknown}
 h - a potion of curing
 l - a potion of brilliance {unknown}
 m - a potion of invisibility {unknown}
 o - 3 potions of enlightenment {unknown}
 q - 2 potions of cancellation {unknown}


   Skills:
 + Level 4.4 Fighting
 + Level 3.7 Axes
 + Level 3.6 Armour
 + Level 0.2 Dodging
 + Level 3.5 Shields


You had 2 spell levels left.
You didn't know any spells.
Your spell library contained the following spells:

 Spells                   Type           Power      Damage    Failure   Level
 Passage of Golubria      Tloc           0%         N/A       100%        4
 Silence                  Hex/Air        0%         N/A       100%        5
 Lehudib's Crystal Spear  Conj/Erth      0%         10d2      100%        8


Dungeon Overview and Level Annotations

Branches:
Dungeon (3/15)

Altars:
Vehumet


Message History

You now have 87 gold pieces (gained 8).
l - a fuming puce potion You see here an adder corpse.
You now have 99 gold pieces (gained 12).
A frilled lizard comes into view.
A frilled lizard is nearby!
A frilled lizard is nearby!
A frilled lizard is nearby!
A frilled lizard is nearby!
An ice beast comes into view.
A dart slug comes into view.
The frilled lizard bites you.
You miss the frilled lizard. The frilled lizard closely misses you.
The dart slug launches a dart at you. You block the slug dart.
You barely miss the frilled lizard. The frilled lizard barely misses you.
The frilled lizard misses you.
You closely miss the frilled lizard.
The frilled lizard bites you but does no damage.
You barely miss the frilled lizard. You block the frilled lizard's attack.
You hit the ice beast but do no damage. You barely miss the frilled lizard.
The ice beast closely misses you.
The frilled lizard bites you but does no damage.
The ice beast closely misses you. The frilled lizard barely misses you.
You hit the ice beast.
The ice beast is lightly wounded.
You hit the frilled lizard.
You kill the frilled lizard!
The ice beast hits you. The ice beast freezes you!
You slash the ice beast!
The ice beast is heavily wounded.
The ice beast hits you. The ice beast freezes you!
* * * LOW HITPOINT WARNING * * *
You are too injured to fight recklessly!
You hit the ice beast but do no damage.
The ice beast is heavily wounded.
The ice beast hits you.
* * * LOW HITPOINT WARNING * * *
The ice beast freezes you!
You die...

#.#..# #. #...#.##.+..'
#. #........#..# #..
#^.....#.#..# #..
#......#.+##' #...
#......#.#..#
###...######...#..#.#..#
...............#..†.'..'
#.@.##....#..#.#..#
#Y#.# #...†....#..#
#...###.#.##.#.###+
#...###......##.#.# #Y#.
#.#..####.#>. #. .#
#......##.#### .#
#..###.#.##.# # #.#.
#.#.##.# #. .. #.. ...#


You could see an ice beast.

Vanquished Creatures
  2 adders
  A dart slug (D:1)
  An endoplasm (D:1)
  A giant cockroach (D:1)
  3 goblins
  4 hobgoblins
  4 jackals (D:2)
  4 kobolds
  A quokka (D:1)
  A ball python (D:2)
  4 bats
  2 frilled lizards
  5 rats
33 creatures vanquished.

Notes
Turn   | Place    | Note
-------+----------+-------------------------------------------
     0 | D:1      | GenialerGandalf the Hill Orc Fighter began the quest for
                  | the Orb.
     0 | D:1      | Reached XP level 1. HP: 19/19 MP: 1/1
   256 | D:1      | Reached skill level 4 in Fighting
   256 | D:1      | Reached XP level 2. HP: 27/27 MP: 2/2
   689 | D:2      | Reached XP level 3. HP: 29/33 MP: 3/3
  1260 | D:3      | Found a radiant altar of Vehumet.
  1394 | D:3      | Noticed an ice beast
  1403 | D:3      | Slain by an ice beast

Illustrated notes

Levels and vault maps discovered:
D:1:      evilmike_arrival_plus, layout_basic
D:2:      layout_basic
D:3:      layout_basic, mainiacjoe_overflow_24_doors, minmay_starry_boxes

Skill      XL: |  1  2 |
---------------+-------+-----
Fighting       | 4 |  4.4
Axes           | 3 |  3.7
Armour         | |  3.6
Dodging        | |  0.2
Shields        | |  3.5

Action                     || total
---------------------------++-------
  Melee: War axe           ||    85
    Use: Scroll            ||     3
 Armour: Scale mail        ||    61
  Dodge: Dodged            ||    43
  Block: Buckler           ||    20

Table legend: (Time is in decaauts)
 A = Elapsed time spent in this place.
 B = Non-inter-level travel time spent in this place.
 C = Inter-level travel time spent in this place.
 D = Time resting spent in this place.
 E = Time spent auto-exploring this place.
 F = Levels seen in this place.
 G = Mean time per level.
                   A        B        C        D        E       F      G
               +--------+--------+--------+--------+--------+-----+--------+
         Total |   1433 |   1419 |     14 |      0 |   1157 |   3 |  477.7 |
       Dungeon |   1433 |   1419 |     14 |      0 |   1157 |   3 |  477.7 |
               +--------+--------+--------+--------+--------+-----+--------+

Top non-repeatable levels by time:
     D:2: 705 daAuts
     D:1: 561 daAuts
     D:3: 166 daAuts
